TOP OF THE 1ST |
Helena Brewers batting - Pitching for Johnson City Cardinals : LHP Hylnur Albertsson
|
Pitching: LHP Hylnur Albertsson
|
|
Batting: RHB Jose Cerritos
|
0-0: Foul Ball, location: 2F 0-1: Fly out, F9 (Line Drive, 89S, EV 108.8 MPH)
|
Batting: SHB Jerry Duffy
|
0-0: Ball 1-0: Ball 2-0: Ball 3-0: Base on Balls
|
Batting: RHB Dan Allred
|
0-0: 2-RUN HOME RUN (Flyball, 7D, EV 97.5 MPH), Distance : 382 ft
|
Batting: LHB Karel Hort
|
0-0: Swinging Strike 0-1: Foul Ball, location: 2F 0-2: Ball 1-2: Fly out, F8 (Flyball, 78XD, EV 98.8 MPH)
|
Batting: SHB Orlando Torres
|
0-0: Called Strike 0-1: Ball 1-1: Called Strike 1-2: Strikes out looking
|
Top of the 1st over - 2 runs, 1 hit, 0 errors, 0 left on base; Helena 2 - Johnson City 0 |
BOTTOM OF THE 1ST |
Johnson City Cardinals batting - Pitching for Helena Brewers : LHP Hiroshi Matsuda
|
Pitching: LHP Hiroshi Matsuda
|
|
Batting: SHB Gerardo Macias
|
0-0: Called Strike 0-1: Ball 1-1: Fly out, F9 (Flyball, 9D, EV 102.5 MPH)
|
Batting: LHB Billy Lang
|
0-0: Ball 1-0: Called Strike 1-1: Ground out 6-3 (Groundball, 6, EV 81.2 MPH)
|
Batting: RHB Tim Williams
|
0-0: Ball 1-0: Ball 2-0: Ball 3-0: Base on Balls
|
Batting: SHB Justin Houser
|
0-0: Ball 1-0: Ball 2-0: Called Strike 2-1: Called Strike 2-2: Strikes out swinging
|
Bottom of the 1st over - 0 runs, 0 hits, 0 errors, 1 left on base; Helena 2 - Johnson City 0 |
TOP OF THE 2ND |
Helena Brewers batting - Pitching for Johnson City Cardinals : LHP Hylnur Albertsson
|
Batting: RHB Alfredo Sena
|
0-0: Ball 1-0: Called Strike 1-1: Ball 2-1: Swinging Strike 2-2: Ball 3-2: Foul Ball, location: 2F 3-2: Foul Ball, location: 2F 3-2: Base on Balls
|
Batting: LHB Mark Backstrom
|
0-0: Swinging Strike 0-1: Foul Ball, location: 2F 0-2: Foul Ball, location: 2F 0-2: Foul Ball, location: 2F 0-2: Ball Wild Pitch! Alfredo Sena to second 1-2: SINGLE (Groundball, 4MD, EV 94.4 MPH) Alfredo Sena to third
|
Batting: LHB Greg Reedy
|
0-0: Ball 1-0: Called Strike 1-1: Foul Ball, location: 2F 1-2: Foul Ball, location: 2F 1-2: Foul Ball, location: 2F 1-2: Ball 2-2: Ball 3-2: Base on Balls Mark Backstrom to second
|
Batting: RHB Jesus Menjivar
|
0-0: Foul Ball, location: 2F 0-1: Swinging Strike 0-2: Fielders Choice at 2nd, 3-6 (Groundball, 34, EV 105.0 MPH) Alfredo Sena scores Mark Backstrom to third
|
Batting: RHB Jose Cerritos
|
0-0: Foul Ball, location: 2F 0-1: Ball 1-1: Called Strike Jesus Menjivar is caught stealing 2nd base 2-4 1-2: Ball 2-2: SINGLE (Flyball, 6MD, EV 88.1 MPH) - OUT at second base trying to stretch hit. Mark Backstrom scores
|
Top of the 2nd over - 2 runs, 2 hits, 0 errors, 0 left on base; Helena 4 - Johnson City 0 |
BOTTOM OF THE 2ND |
Johnson City Cardinals batting - Pitching for Helena Brewers : LHP Hiroshi Matsuda
|
Batting: RHB Kyle Burns
|
0-0: Ground out U3 (Groundball, 3, EV 84.4 MPH)
|
Batting: RHB Adam Hudson
|
0-0: Ball 1-0: Ball 2-0: Foul Ball, location: 2F 2-1: Reached on error, E5 (Groundball, 56, EV 80.0 MPH)
|
Batting: RHB Geoff Musico
|
0-0: Ball 1-0: Ball 2-0: Foul Ball, location: 2F 2-1: Called Strike 2-2: Ball 3-2: Foul Ball, location: 2F 3-2: SINGLE (Line Drive, 7S, EV 108.1 MPH) Adam Hudson to second
|
Batting: RHB Alex Melgoza
|
0-0: Ball 1-0: Ball 2-0: Called Strike 2-1: Foul Ball, location: 2F 2-2: Foul Ball, location: 2F 2-2: Foul Ball, location: 2F 2-2: Ball 3-2: 3-RUN HOME RUN (Flyball, 78XD, EV 116.2 MPH), Distance : 450 ft
|
Batting: RHB Edgar Klockow
|
0-0: Called Strike 0-1: Foul Ball, location: 2F 0-2: Foul Ball, location: 2F 0-2: Strikes out swinging, 2-3 out at first.
|
Batting: SHB Gerardo Macias
|
0-0: Called Strike 0-1: Foul Ball, location: 2F 0-2: Strikes out looking
|
Bottom of the 2nd over - 3 runs, 2 hits, 1 error, 0 left on base; Helena 4 - Johnson City 3 |
TOP OF THE 3RD |
Helena Brewers batting - Pitching for Johnson City Cardinals : LHP Hylnur Albertsson
|
Batting: SHB Jerry Duffy
|
0-0: SINGLE (Groundball, 56, EV 105.6 MPH)
|
Batting: RHB Dan Allred
|
0-0: Called Strike 0-1: Ball 1-1: Ball 2-1: Ball 3-1: Foul Ball, location: 2F 3-2: Strikes out swinging
|
Batting: LHB Karel Hort
|
0-0: Ball 1-0: Foul Ball, location: 2F 1-1: Swinging Strike 1-2: Ball 2-2: Fly out, F8 (Line Drive, 8LD, EV 91.9 MPH)
|
Batting: SHB Orlando Torres
|
0-0: Swinging Strike 0-1: Foul Ball, location: 2F 0-2: Hit by Pitch Jerry Duffy to second
|
Batting: RHB Alfredo Sena
|
0-0: Swinging Strike 0-1: Ball 1-1: Swinging Strike 1-2: Ball 2-2: Foul Ball, location: 2F 2-2: Foul Ball, location: 2F 2-2: 3-RUN HOME RUN (Flyball, 78XD, EV 115.0 MPH), Distance : 448 ft
|
Pitching: LHP Heriberto Flores
|
|
Batting: LHB Mark Backstrom
|
0-0: Swinging Strike 0-1: Foul Ball, location: 2F 0-2: Ball 1-2: Ball 2-2: Ball 3-2: Foul Ball, location: 2F 3-2: Base on Balls
|
Batting: LHB Greg Reedy
|
0-0: Foul Ball, location: 2F 0-1: Foul Ball, location: 2F 0-2: Ball 1-2: Strikes out swinging
|
Top of the 3rd over - 3 runs, 2 hits, 0 errors, 1 left on base; Helena 7 - Johnson City 3 |
BOTTOM OF THE 3RD |
Johnson City Cardinals batting - Pitching for Helena Brewers : LHP Hiroshi Matsuda
|
Batting: LHB Billy Lang
|
0-0: Called Strike 0-1: Called Strike 0-2: Ball 1-2: Strikes out looking
|
Batting: RHB Tim Williams
|
0-0: Ball 1-0: Ball 2-0: SINGLE (Groundball, 56S, EV 66.9 MPH) (infield hit)
|
Batting: SHB Justin Houser
|
0-0: Ball 1-0: Swinging Strike 1-1: Swinging Strike 1-2: Ball 2-2: Grounds into double play, 6-4-3 (Groundball, 56, EV 81.9 MPH)
|
Bottom of the 3rd over - 0 runs, 1 hit, 0 errors, 0 left on base; Helena 7 - Johnson City 3 |
TOP OF THE 4TH |
Helena Brewers batting - Pitching for Johnson City Cardinals : LHP Heriberto Flores
|
Batting: RHB Jesus Menjivar
|
0-0: Ball 1-0: SOLO HOME RUN (Flyball, 9LD, EV 97.5 MPH), Distance : 353 ft
|
Batting: RHB Jose Cerritos
|
0-0: Foul Ball, location: 2F 0-1: Ball 1-1: SOLO HOME RUN (Flyball, 78XD, EV 101.2 MPH), Distance : 412 ft
|
Batting: SHB Jerry Duffy
|
0-0: SOLO HOME RUN (Flyball, 78XD, EV 110.0 MPH), Distance : 423 ft
|
Batting: RHB Dan Allred
|
0-0: Ball 1-0: Ball 2-0: Called Strike 2-1: SOLO HOME RUN (Line Drive, 7LD, EV 95.0 MPH), Distance : 362 ft
|
Pitching: RHP Francisco Galindo
|
|
Batting: LHB Karel Hort
|
0-0: Called Strike 0-1: Ball 1-1: Foul Ball, location: 2F 1-2: Ball 2-2: Ball 3-2: Foul Ball, location: 2F 3-2: Foul Ball, location: 2F 3-2: SOLO HOME RUN (Flyball, 9D, EV 99.4 MPH), Distance : 378 ft
|
Batting: SHB Orlando Torres
|
0-0: Foul Ball, location: 2F 0-1: Called Strike 0-2: Strikes out swinging
|
Batting: RHB Alfredo Sena
|
0-0: Swinging Strike 0-1: Ball 1-1: Ball 2-1: Foul Ball, location: 2F 2-2: Ball 3-2: Base on Balls
|
Batting: LHB Mark Backstrom
|
0-0: Called Strike 0-1: Called Strike 0-2: Foul Ball, location: 2F 0-2: Ball 1-2: Ball 2-2: Ball 3-2: Foul Ball, location: 2F 3-2: Strikes out swinging
|
Pitching: RHP Emmanuel Godfrey
|
|
Batting: LHB Greg Reedy
|
0-0: Ball 1-0: Ball 2-0: Ball 3-0: Base on Balls Alfredo Sena to second
|
Batting: RHB Jesus Menjivar
|
0-0: Foul Ball, location: 2F 0-1: Fly out, F7 (Flyball, 7LS, EV 91.9 MPH)
|
Top of the 4th over - 5 runs, 5 hits, 0 errors, 2 left on base; Helena 12 - Johnson City 3 |
BOTTOM OF THE 4TH |
Johnson City Cardinals batting - Pitching for Helena Brewers : LHP Hiroshi Matsuda
|
Batting: RHB Kyle Burns
|
0-0: Ball 1-0: Called Strike 1-1: DOUBLE (Line Drive, 7LS, EV 104.4 MPH)
|
Batting: RHB Adam Hudson
|
0-0: Swinging Strike 0-1: Called Strike 0-2: Ball 1-2: Foul Ball, location: 2F 1-2: Ball 2-2: Ground out 5-3 (Groundball, 5, EV 81.9 MPH)
|
Batting: RHB Geoff Musico
|
0-0: Ball 1-0: Ball 2-0: Called Strike 2-1: Ball 3-1: Called Strike 3-2: Foul Ball, location: 2F 3-2: Strikes out swinging
|
Batting: RHB Alex Melgoza
|
0-0: 2-RUN HOME RUN (Flyball, 7D, EV 98.8 MPH), Distance : 386 ft
|
Batting: RHB Edgar Klockow
|
0-0: Ball 1-0: Ball 2-0: Ball 3-0: Foul Ball, location: 2F 3-1: Called Strike 3-2: Strikes out swinging
|
Bottom of the 4th over - 2 runs, 2 hits, 0 errors, 0 left on base; Helena 12 - Johnson City 5 |
TOP OF THE 5TH |
Helena Brewers batting - Pitching for Johnson City Cardinals : RHP Emmanuel Godfrey
|
Batting: RHB Jose Cerritos
|
0-0: Ball 1-0: Called Strike 1-1: SOLO HOME RUN (Flyball, 9D, EV 98.8 MPH), Distance : 370 ft
|
Batting: SHB Jerry Duffy
|
0-0: Ball 1-0: Foul Ball, location: 2F 1-1: Called Strike 1-2: Strikes out swinging
|
Batting: RHB Dan Allred
|
0-0: Called Strike 0-1: SINGLE (Groundball, 6S, EV 70.0 MPH) (infield hit)
|
Batting: LHB Karel Hort
|
0-0: Ball 1-0: Ball 2-0: Ball 3-0: Called Strike 3-1: Base on Balls Dan Allred to second
|
Pitching: RHP Steve Holmes
|
|
Batting: SHB Orlando Torres
|
0-0: Ball 1-0: Called Strike 1-1: Ball 2-1: Ball 3-1: Swinging Strike 3-2: Base on Balls Dan Allred to third Karel Hort to second
|
Batting: RHB Alfredo Sena
|
0-0: Ball 1-0: Fielders Choice at 2nd, 3-6 (Groundball, 34, EV 109.4 MPH) Dan Allred scores Karel Hort to third
|
Batting: LHB Mark Backstrom
|
0-0: SINGLE (Line Drive, 3D, EV 99.4 MPH) Karel Hort scores Alfredo Sena to second Runner from 2nd tries for 3rd, SAFE, throw by RF made to third
|
Batting: LHB Greg Reedy
|
0-0: Ball 1-0: Ball 2-0: Called Strike 2-1: Foul Ball, location: 2F 2-2: SINGLE (Groundball, 4MD, EV 104.4 MPH) Alfredo Sena scores Mark Backstrom to second
|
Batting: RHB Jesus Menjivar
|
0-0: DOUBLE (Line Drive, 9LM, EV 96.9 MPH) Mark Backstrom scores Greg Reedy to third
|
Batting: RHB Jose Cerritos
|
0-0: Swinging Strike 0-1: DOUBLE (Line Drive, 9LM, EV 108.8 MPH) Greg Reedy scores Jesus Menjivar scores
|
Pitching: RHP Daniel Boulter
|
|
Batting: SHB Jerry Duffy
|
0-0: Ball 1-0: Ball 2-0: Ball Wild Pitch! Jose Cerritos to third 3-0: Called Strike 3-1: Hit by Pitch
|
Batting: RHB Dan Allred
|
0-0: Ground out 2-3 (Groundball, 13S, EV 67.5 MPH)
|
Top of the 5th over - 7 runs, 6 hits, 0 errors, 2 left on base; Helena 19 - Johnson City 5 |
BOTTOM OF THE 5TH |
Johnson City Cardinals batting - Pitching for Helena Brewers : LHP Hiroshi Matsuda
|
Pitching: LHP Tony Salazar
|
|
Batting: SHB Gerardo Macias
|
0-0: Called Strike 0-1: Ball 1-1: Ball 2-1: Foul Ball, location: 2F 2-2: Ball 3-2: SINGLE (Groundball, P, EV 78.8 MPH) (infield hit)
|
Batting: LHB Billy Lang
|
0-0: Ball 1-0: Called Strike 1-1: Ball Gerardo Macias steals 2nd base 2-1: SINGLE (Line Drive, 89S, EV 91.2 MPH) Gerardo Macias to third
|
Batting: RHB Tim Williams
|
0-0: Called Strike Billy Lang is caught stealing 2nd base 2-4 0-1: Foul Ball, location: 2F 0-2: Ball 1-2: Strikes out looking
|
Batting: SHB Justin Houser
|
0-0: Ball 1-0: Foul Ball, location: 2F 1-1: Called Strike 1-2: Fly out, F7 (Flyball, 78XD, EV 112.5 MPH)
|
Bottom of the 5th over - 0 runs, 2 hits, 0 errors, 1 left on base; Helena 19 - Johnson City 5 |
TOP OF THE 6TH |
Helena Brewers batting - Pitching for Johnson City Cardinals : RHP Daniel Boulter
|
Batting: LHB Karel Hort
|
0-0: Ball 1-0: Called Strike 1-1: SINGLE (Flyball, 5D, EV 90.6 MPH)
|
Batting: SHB Orlando Torres
|
0-0: Ball 1-0: Fielders Choice at 2nd, 4-6 (Groundball, 34D, EV 86.2 MPH)
|
Batting: RHB Alfredo Sena
|
0-0: SINGLE (Line Drive, 7S, EV 100.6 MPH) Orlando Torres to second
|
Batting: LHB Mark Backstrom
|
0-0: Called Strike 0-1: Ball 1-1: Fly out, F7 (Flyball, 7, EV 82.5 MPH)
|
Batting: LHB Greg Reedy
|
0-0: Called Strike 0-1: Ball 1-1: Foul Ball, location: 2F 1-2: Foul Ball, location: 2F 1-2: Strikes out looking
|
Top of the 6th over - 0 runs, 2 hits, 0 errors, 2 left on base; Helena 19 - Johnson City 5 |
BOTTOM OF THE 6TH |
Johnson City Cardinals batting - Pitching for Helena Brewers : LHP Tony Salazar
|
Pitching: RHP Josh Brakefield
|
|
Batting: RHB Kyle Burns
|
0-0: Ball 1-0: Foul Ball, location: 2F 1-1: Foul Ball, location: 2F 1-2: Strikes out swinging
|
Batting: RHB Adam Hudson
|
0-0: Ball 1-0: Ball 2-0: Fly out, F9 (Flyball, 9D, EV 89.4 MPH)
|
Batting: RHB Geoff Musico
|
0-0: Ball 1-0: Ground out 4-3 (Groundball, 4M, EV 78.1 MPH)
|
Bottom of the 6th over - 0 runs, 0 hits, 0 errors, 0 left on base; Helena 19 - Johnson City 5 |
TOP OF THE 7TH |
Helena Brewers batting - Pitching for Johnson City Cardinals : RHP Daniel Boulter
|
Pitching: LHP Craig Soole
|
|
Batting: RHB Jesus Menjivar
|
0-0: Called Strike 0-1: Ball 1-1: Fly out, F9 (Line Drive, 9, EV 85.0 MPH)
|
Batting: RHB Jose Cerritos
|
0-0: Swinging Strike 0-1: Foul Ball, location: 2F 0-2: Ball 1-2: Strikes out swinging
|
Batting: SHB Jerry Duffy
|
0-0: Ball 1-0: Ball 2-0: Ball 3-0: Base on Balls
|
Batting: RHB Dan Allred
|
0-0: Ball 1-0: Ball 2-0: Ball 3-0: Called Strike 3-1: Base on Balls Jerry Duffy to second
|
Batting: LHB Karel Hort
|
0-0: Ball 1-0: SINGLE (Flyball, 34D, EV 85.6 MPH) Jerry Duffy to third Dan Allred to second Runner from 3rd tries for Home, throw by RF and OUT! 9-2
|
Top of the 7th over - 0 runs, 1 hit, 0 errors, 2 left on base; Helena 19 - Johnson City 5 |
BOTTOM OF THE 7TH |
Johnson City Cardinals batting - Pitching for Helena Brewers : RHP Josh Brakefield
|
Batting: RHB Alex Melgoza
|
0-0: Called Strike 0-1: Foul Ball, location: 2F 0-2: Ball 1-2: Ball 2-2: Reached via error on a dropped throw from SS, E3 (Groundball, 6, EV 106.2 MPH)
|
Batting: RHB Edgar Klockow
|
0-0: Called Strike 0-1: Ground out 6-3 (Groundball, 6M, EV 105.6 MPH) Alex Melgoza to second
|
Batting: SHB Gerardo Macias
|
0-0: Ball 1-0: Ball 2-0: Swinging Strike 2-1: Foul Ball, location: 2F 2-2: Foul Ball, location: 2F 2-2: Ball 3-2: Base on Balls
|
Pitching: LHP Sam Glaser
|
|
Batting: LHB Billy Lang
|
0-0: Called Strike 0-1: Swinging Strike 0-2: Ball 1-2: Ball 2-2: Foul Ball, location: 2F 2-2: Foul Ball, location: 2F 2-2: Foul Ball, location: 2F 2-2: Strikes out swinging
|
Batting: RHB Tim Williams
|
0-0: Fielders Choice at 2nd, 5-4 (Groundball, 56, EV 87.5 MPH)
|
Bottom of the 7th over - 0 runs, 0 hits, 1 error, 2 left on base; Helena 19 - Johnson City 5 |
TOP OF THE 8TH |
Helena Brewers batting - Pitching for Johnson City Cardinals : LHP Craig Soole
|
Pitching: RHP Norietsu Higashi
|
|
Batting: SHB Orlando Torres
|
0-0: Ball 1-0: Fly out, F8 (Flyball, 8RM, EV 84.4 MPH)
|
Batting: RHB Alfredo Sena
|
0-0: Ball 1-0: Ball 2-0: Ball 3-0: Called Strike 3-1: Foul Ball, location: 2F 3-2: Base on Balls
|
Pinch Hitting: LHB Danny Bautista
|
0-0: Ball 1-0: Ball 2-0: Called Strike 2-1: Ball 3-1: Foul Ball, location: 2F 3-2: Base on Balls Alfredo Sena to second
|
Batting: LHB Greg Reedy
|
0-0: Ball 1-0: Ball 2-0: Swinging Strike 2-1: Ball 3-1: DOUBLE (Line Drive, 89D, EV 101.9 MPH) Alfredo Sena scores Danny Bautista to third Runner from 3rd tries for Home, SAFE, throw by CF to trailing runner, SAFE at third!
|
Batting: RHB Jesus Menjivar
|
0-0: Foul Ball, location: 2F 0-1: Swinging Strike 0-2: Strikes out looking
|
Batting: RHB Jose Cerritos
|
0-0: Ball 1-0: Called Strike 1-1: Ground out 6-3 (Groundball, 6, EV 86.9 MPH)
|
Top of the 8th over - 2 runs, 1 hit, 0 errors, 1 left on base; Helena 21 - Johnson City 5 |
BOTTOM OF THE 8TH |
Johnson City Cardinals batting - Pitching for Helena Brewers : LHP Sam Glaser
|
Now in RF: Danny Bautista
|
|
Batting: SHB Justin Houser
|
0-0: Called Strike 0-1: Ball 1-1: Ball 2-1: Ball 3-1: Base on Balls
|
Batting: RHB Kyle Burns
|
0-0: Called Strike 0-1: Swinging Strike 0-2: Ball 1-2: Ball 2-2: 2-RUN HOME RUN (Line Drive, 9D, EV 94.4 MPH), Distance : 377 ft
|
Pitching: RHP Pedro Campos
|
|
Batting: RHB Adam Hudson
|
0-0: Ball 1-0: Foul Ball, location: 2F 1-1: Fly out, F8 (Line Drive, 89M, EV 96.9 MPH)
|
Batting: RHB Geoff Musico
|
0-0: Ball 1-0: Swinging Strike 1-1: Ball 2-1: Foul Ball, location: 2F 2-2: Ball 3-2: Strikes out swinging
|
Pitching: RHP Mark Frizzell
|
|
Batting: RHB Alex Melgoza
|
0-0: Called Strike 0-1: Called Strike 0-2: Ball 1-2: Ball 2-2: Ball 3-2: Base on Balls
|
Batting: RHB Edgar Klockow
|
0-0: Swinging Strike 0-1: Foul Ball, location: 2F 0-2: Foul Ball, location: 2F 0-2: Foul Ball, location: 2F 0-2: Ball 1-2: Strikes out swinging
|
Bottom of the 8th over - 2 runs, 1 hit, 0 errors, 1 left on base; Helena 21 - Johnson City 7 |
TOP OF THE 9TH |
Helena Brewers batting - Pitching for Johnson City Cardinals : RHP Norietsu Higashi
|
Batting: SHB Jerry Duffy
|
0-0: Called Strike 0-1: Swinging Strike 0-2: Ball 1-2: Ball 2-2: Ball 3-2: Strikes out looking
|
Batting: RHB Dan Allred
|
0-0: Ball 1-0: Foul Ball, location: 2F 1-1: SINGLE (Groundball, P, EV 86.9 MPH) (infield hit)
|
Batting: LHB Karel Hort
|
0-0: Called Strike 0-1: Ball 1-1: Foul Ball, location: 2F 1-2: Fielders Choice at 2nd, 4-6 (Groundball, 4, EV 98.8 MPH)
|
Batting: SHB Orlando Torres
|
0-0: Called Strike 0-1: Swinging Strike 0-2: Ball 1-2: Strikes out swinging
|
Top of the 9th over - 0 runs, 1 hit, 0 errors, 1 left on base; Helena 21 - Johnson City 7 |
BOTTOM OF THE 9TH |
Johnson City Cardinals batting - Pitching for Helena Brewers : RHP Mark Frizzell
|
Batting: SHB Gerardo Macias
|
0-0: Called Strike 0-1: Swinging Strike 0-2: Ball 1-2: Foul Ball, location: 2F 1-2: Foul Ball, location: 2F 1-2: Ball 2-2: Foul Ball, location: 2F 2-2: Strikes out looking
|
Pitching: LHP Gil Sanchez
|
|
Batting: LHB Billy Lang
|
0-0: Called Strike 0-1: Foul Ball, location: 2F 0-2: Ball 1-2: Strikes out swinging
|
Batting: RHB Tim Williams
|
0-0: Ball 1-0: Foul Ball, location: 2F 1-1: Fly out, F7 (Flyball, 7D, EV 75.0 MPH)
|
Bottom of the 9th over - 0 runs, 0 hits, 0 errors, 0 left on base; Helena 21 - Johnson City 7 |
|